Map: Barreira do Inverno LE

Players

NotMaru

  • Race: Terran Terran
  • League: Platinum
  • Spawn Location: 5:00

Pikachu - Winner!

  • Race: Zerg Zerg
  • League: Diamond
  • Spawn Location: 11:00

VOD

Have the link to the VOD?

Description

Time

  • Played on: Sept. 15, 2019, 9:05 p.m.
  • Length: 18:10
Show
View Real Time Build Order
Export as new Build Order

NotMaru Terran 

Build Orders:  

Get SALT Encoding   

  12  0:01  SCV  
  13  0:13  SCV  
  14  0:17  Supply Depot  
  14  0:25  SCV  
  15  0:39  SCV  
  15  0:40  Barracks  
  16  0:45  Refinery  
  16  0:51  SCV  
  17  1:03  SCV  
  18  1:15  SCV  
  19  1:32  Orbital Command  
  19  1:35  Barracks Reactor  
  19  1:40  Command Center  
  19  1:50  Barracks  
  19  1:59  Supply Depot  
  19  2:04  SCV  
  20  2:15  Marine  
  20  2:16  Marine  
  20  2:21  Barracks  
  22  2:28  Factory  
  22  2:32  SCV  
  23  2:37  Refinery  
  23  2:39  Barracks Tech Lab  
  23  2:42  Marine  
  24  2:49  Marine  
  25  2:54  Orbital Command  
  25  2:59  Marine  
  25  3:02  Stimpack  
  26  3:10  Barracks Reactor  
  26  3:12  SCV  
  27  3:19  Factory Reactor  
  27  3:22  SCV  
  27  3:24  SCV  
  29  3:28  Marine  
  29  3:30  Marine  
  31  3:34  Marine, SCV  
  31  3:36  SCV  
  34  3:43  Starport  
  34  3:46  Marine  
  34  3:47  Marine  
  36  3:49  Marine x2  
  36  3:52  Marine  
  39  4:02  SCV x2  
  41  4:04  Marine  
  41  4:05  Marine  
  41  4:07  Marine x2  
  45  4:10  Marine  
  45  4:15  Supply Depot  
  46  4:20  SCV  
  46  4:22  Marine  
  46  4:23  Marine  
  49  4:25  Marine x2  
  49  4:29  Supply Depot  
  51  4:31  Marine  
  51  4:34  Medivac  
  54  4:39  Marine, SCV  
  54  4:40  SCV  
  54  4:41  Marine  
  54  4:43  Marine  
  54  4:44  Medivac  
  61  4:48  Combat Shield  
  61  4:51  Marine  
  62  4:56  Supply Depot  
  62  4:59  SCV  
  64  5:00  SCV  
  64  5:02  Marine  
  64  5:03  Marine  
  66  5:07  Medivac  
  68  5:18  SCV x2  
  70  5:28  Medivac  
  70  5:30  SCV  
  73  5:36  Marine  
  73  5:37  Marine x4  
  78  5:47  Command Center  
  78  5:55  Factory Tech Lab  
  78  5:57  Barracks  
  78  6:13  Marine  
  78  6:15  SCV  
  78  6:16  Marine  
  78  6:18  Marine  
  78  6:19  Marine  
  78  6:49  Barracks Reactor  
  78  6:52  Supply Depot  
  78  6:53  Supply Depot  
  78  6:54  Engineering Bay x2  
  78  6:58  Marine x5, Siege Tank, SCV x2  
  88  7:01  Command Center  
  76  7:16  Marine x5  
  68  7:28  Orbital Command  
  68  7:30  Siege Tank  
  68  7:34  Marine x5  
  68  7:35  SCV  
  77  7:42  Medivac x2  
  81  7:47  Missile Turret  
  81  7:51  Marine x5  
  81  7:52  Terran Infantry Armor Level 1  
  81  7:53  Terran Infantry Weapons Level 1  
  86  8:00  Liberator  
  86  8:03  Siege Tank  
  89  8:09  Marine x5  
  94  8:19  SCV x2  
  99  8:21  Orbital Command  
  99  8:24  Refinery  
  99  8:27  Marine x5  
  104  8:35  SCV x2  
  104  8:36  SCV  
  107  8:45  Marine x5  
  107  8:47  SCV, Refinery  
  107  8:48  SCV x2, Refinery  
  114  8:50  Factory  
  115  8:59  SCV  
  115  9:00  SCV x2  
  118  9:03  Marine x5  
  123  9:19  SCV  
  123  9:22  Supply Depot, Refinery  
  124  9:24  Supply Depot  
  124  9:26  Marine  
  100  10:11  Marine x5  
  87  10:28  Marine  
  87  10:29  Marine x4, Sensor Tower  
  92  10:43  Factory Tech Lab  
  92  10:46  Marine x3  
  92  10:47  Marine x2, Starport  
  97  10:52  SCV  
  97  10:53  SCV x2  
  100  11:02  Armory  
  100  11:03  Supply Depot  
  101  11:04  Marine x4, SCV  
  101  11:05  Marine, SCV x2  
  101  11:07  Orbital Command  
  108  11:12  Siege Tank  
  108  11:14  Liberator, Siege Tank  
  108  11:16  SCV  
  108  11:17  SCV  
  116  11:22  Marine x5  
  116  11:24  Sensor Tower  
  121  11:27  Sensor Tower  
  124  11:40  Marine x5  
  124  11:44  Siege Tank  
  124  11:46  Siege Tank  
  135  11:50  Starport Tech Lab  
  135  11:52  Fusion Core  
  135  11:56  Missile Turret  
  135  11:57  Marine, SCV  
  135  11:58  Marine x4  
  135  12:01  Supply Depot  
  138  12:02  Supply Depot  
  138  12:06  Supply Depot  
  121  12:15  Marine x3  
  121  12:16  Marine, Siege Tank  
  121  12:18  Siege Tank  
  121  12:20  Marine  
  106  12:33  Marine x4  
  101  12:37  Marine  
  101  12:40  Battlecruiser  
  104  12:48  Siege Tank  
  104  12:50  Siege Tank  
  104  12:51  Marine x4  
  107  12:55  Marine  
  112  13:09  Marine x4  
  112  13:12  SCV  
  117  13:13  Marine  
  118  13:20  Siege Tank  
  118  13:24  SCV  
  118  13:27  Marine x4  
  122  13:30  Command Center  
  122  13:31  Marine  
  124  13:44  Marine x2  
  124  13:45  Marine x2  
  125  13:49  Marine  
  126  14:02  Marine x4  
  124  14:06  Marine  
  129  14:11  Viking  
  129  14:12  Siege Tank  
  134  14:20  Marine x4  
  138  14:24  Marine  
  132  14:38  Marine  
  127  14:41  Battlecruiser  
  127  14:44  Siege Tank  
  127  14:45  Marine x3  
  116  14:46  Marine  
  94  14:56  Marine  
  95  15:03  Marine x4, SCV x3  
  102  15:12  Starport  
  102  15:13  Marine  
  103  15:15  SCV  
  103  15:16  Siege Tank  
  103  15:19  SCV x2  
  103  15:21  Marine x4  
  109  15:24  Siege Tank  
  109  15:27  Marine x2, SCV  
  119  15:31  Marine, SCV x2  
  122  15:39  Marine x4, SCV  
  127  15:43  SCV  
  127  15:45  Marine x2  
  127  15:48  Siege Tank  
  127  15:49  Marine  
  135  15:51  SCV  
  135  15:55  SCV  
  135  15:56  Siege Tank  
  130  16:03  SCV  
  118  16:07  SCV  
  93  16:20  Siege Tank  
  93  16:21  Marine x6  
  93  16:22  Marine  
  73  16:39  Marine x7  
  55  16:56  Marine  
  55  16:57  Marine x2  
  48  17:19  Marine x3  
Show
View Real Time Build Order
Export as new Build Order

Pikachu Zerg - Winner!

Build Orders: Hatch First 

Get SALT Encoding   

  12  0:01  Drone  
  13  0:12  Overlord  
  13  0:17  Drone  
  14  0:30  Drone x2  
  14  0:35  Drone  
  17  0:52  Hatchery  
  17  0:55  Drone  
  17  0:58  Drone  
  17  1:03  Extractor  
  17  1:14  Spawning Pool  
  17  1:16  Drone  
  17  1:19  Drone  
  18  1:29  Drone  
  19  1:39  Overlord  
  19  2:02  Metabolic Boost  
  19  2:04  Queen  
  19  2:05  Queen  
  19  2:07  Drone x2  
  25  2:09  Drone  
  26  2:17  Drone  
  26  2:18  Drone  
  28  2:24  Drone  
  28  2:29  Drone  
  30  2:32  Drone  
  31  2:37  Overlord  
  31  2:44  Hatchery  
  31  2:51  Zergling x4  
  32  2:54  Zergling x2  
  34  2:58  Drone  
  34  3:04  Drone  
  35  3:11  Drone  
  36  3:20  Drone x2  
  36  3:21  Queen, Drone x2  
  36  3:22  Queen  
  44  3:29  Overlord x3  
  44  3:48  Drone x2  
  44  3:49  Drone x2  
  48  4:00  Queen  
  50  4:11  Drone x7  
  50  4:12  Drone x3  
  50  4:15  Roach Warren, Hatchery  
  58  4:24  Drone x3  
  61  4:36  Drone x6  
  61  4:37  Drone  
  68  4:40  Queen  
  68  4:42  Overlord x4  
  70  4:51  Extractor  
  70  4:52  Spore Crawler  
  68  4:57  Extractor  
  68  4:58  Extractor, Drone x4  
  68  4:59  Drone  
  71  5:00  Spore Crawler, Drone x4  
  71  5:01  Drone  
  71  5:03  Extractor  
  71  5:04  Extractor  
  73  5:07  Spore Crawler  
  72  5:16  Queen  
  74  5:24  Drone x4  
  74  5:25  Drone  
  79  5:34  Drone x2  
  81  5:44  Roach x5  
  81  5:45  Roach x6  
  81  5:46  Roach  
  81  5:47  Overlord x2  
  81  5:48  Overlord  
  105  5:50  Queen  
  107  6:05  Roach  
  107  6:06  Roach x6  
  117  6:20  Roach x4  
  125  6:32  Ravager x4, Hatchery  
  128  6:37  Evolution Chamber  
  128  6:39  Evolution Chamber  
  126  6:43  Extractor  
  126  6:44  Drone x5  
  126  6:45  Overlord, Extractor  
  126  6:46  Overlord x4  
  129  6:53  Lair  
  129  6:55  Zergling x2  
  129  7:00  Pneumatized Carapace  
  105  7:18  Roach x7  
  114  7:27  Ravager x2  
  116  7:31  Zergling x8  
  120  7:45  Queen  
  120  7:47  Hatchery  
  120  7:48  Drone x3  
  124  7:55  Roach  
  124  7:56  Overseer  
  126  7:58  Ravager  
  126  7:59  Ravager x3  
  126  8:01  Zergling x2  
  126  8:02  Hatchery  
  130  8:11  Ravager x3  
  130  8:12  Zergling x2  
  134  8:13  Zergling x10  
  139  8:25  Zerg Ground Armor Level 1  
  139  8:26  Zerg Missile Weapons Level 1  
  139  8:40  Hydralisk Den  
  138  8:43  Glial Reconstitution  
  138  8:46  Roach x4  
  146  9:02  Roach x3  
  152  9:03  Overlord x2  
  152  9:04  Overlord x5  
  152  9:18  Overseer  
  152  9:19  Overseer  
  152  9:23  Drone x5  
  152  9:24  Drone x7  
  164  9:26  Queen  
  165  9:33  Roach x4  
  173  9:48  Roach  
  173  9:49  Roach x12  
  143  10:11  Roach  
  143  10:12  Roach x2  
  121  10:28  Ravager x4  
  113  10:29  Ravager x8  
  113  10:30  Zergling x2  
  113  10:31  Zergling x28  
  139  10:41  Zerg Ground Armor Level 2  
  139  10:47  Zergling x12  
  145  10:56  Hydralisk x4  
  153  11:00  Grooved Spines  
  153  11:10  Hydralisk x5  
  163  11:26  Hydralisk  
  163  11:27  Hydralisk x5  
  163  11:31  Hatchery  
  174  11:35  Roach x4  
  174  11:36  Roach x2  
  186  11:42  Extractor  
  186  11:43  Extractor  
  186  11:44  Drone x13  
  197  11:47  Zerg Missile Weapons Level 2  
  160  12:17  Hydralisk x12  
  160  12:18  Hydralisk x4  
  187  12:23  Hydralisk  
  176  12:37  Roach  
  176  12:38  Roach x6  
  147  12:52  Zergling x2  
  147  12:53  Zergling x22  
  147  12:57  Baneling Nest  
  149  13:06  Zergling x2  
  149  13:07  Zergling x8  
  154  13:15  Infestation Pit  
  153  13:25  Zergling x2, Roach  
  153  13:26  Roach x4  
  153  13:27  Roach x5  
  174  13:30  Overlord x2  
  174  13:36  Hatchery  
  168  13:46  Roach x4  
  168  13:47  Roach x8  
  181  13:48  Ravager  
  181  13:49  Ravager x7  
  181  13:50  Zergling x4, Roach  
  189  14:05  Zergling x2  
  189  14:06  Zergling x14  
  189  14:08  Centrifical Hooks  
  197  14:11  Zergling x4  
  197  14:14  Baneling x5  
  199  14:17  Spore Crawler  
  199  14:22  Hydralisk  
  199  14:23  Hydralisk  
  198  14:28  Spore Crawler  
  198  14:31  Spore Crawler  
  181  14:32  Spore Crawler  
  155  14:41  Hydralisk x6  
  155  14:42  Hydralisk x6  
  141  14:54  Zergling x16  
  141  14:58  Drone x3  
  154  15:14  Hive  
  152  15:18  Baneling  
  152  15:19  Baneling x13  
  152  15:28  Drone x9  
  161  15:36  Zergling x6, Roach  
  161  15:37  Zergling x2  
  161  15:39  Roach  
  167  16:03  Zergling x2  
  154  16:04  Zergling x34  
  134  16:26  Hydralisk  
  134  16:27  Hydralisk x11  
  134  16:32  Queen  
  155  16:34  Queen  
  121  16:51  Hydralisk x8  
  121  16:52  Hydralisk  
  133  17:03  Hydralisk x3  
  133  17:04  Hydralisk x2  
  143  17:10  Queen  
  145  17:20  Zergling x2  
  145  17:21  Zergling x24  
  154  17:27  Roach  
  154  17:28  Roach x2  
  158  17:42  Zergling x10  
  158  17:43  Zergling x12  
  158  17:44  Zergling x2  
Tags
 
Add a new tag
Caveats
  • Supply blocks, unpowered buildings, or Contaminate may cause inaccurate times.
  • Supply counts are checked every 10 seconds.